 Dungeon Crawl Stone Soup version 0.31-a0-640-g39d97e502b (webtiles) character file.

Game seed: 10823905432347275901

98 qw the Shooter (level 4, -8/28 HPs)
             Began as a Gargoyle Hunter on Aug 27, 2023.
             Blown up by Ijyb (17 damage)
             ... with a mindburst bolt
             ... on level 3 of the Dungeon.
             The game lasted 00:00:39 (1601 turns).

qw the Shooter (Gargoyle Hunter)                    Turns: 1601, Time: 00:00:40

Health: -8/28      AC:  8    Str: 14    XL:     4   Next: 71%
Magic:  4/4        EV: 10    Int: 10    God:
Gold:   84         SH:  0    Dex: 15    Spells: 3/3 levels left

rFire   . . .        Y - +0 shortbow (freeze)
rCold   . . .        (shield currently unavailable)
rNeg    + . .        f - +0 ring mail
rPois   inf          (no helmet)
rElec   +            (no cloak)
rCorr   .            (no gloves)
SInv    .            (no boots)
Will    .....        (no amulet)
Stlth   +            (no ring)
HPRegen 0.24/turn    (no ring)
MPRegen 0.09/turn

%: no passive effects
@: no status effects
A: sickness immunity, AC +3, negative energy resistance 1, electricity
resistance, torment resistance 1, petrification resistance
a: no special abilities


You were on level 3 of the Dungeon.
You visited 1 branch of the dungeon, and saw 3 of its levels.

You collected 84 gold pieces.


Innate Abilities, Weirdness & Mutations

You are immune to sickness and miasma.
Your stone body is resilient. (AC +3)
You are immune to poison.
You resist negative energy. (rN+)
You are resistant to electric shocks. (rElec)
You are resistant to unholy torment.
You are immune to petrification.


   Skills:
 - Level 3.0 Fighting
 + Level 5.5 Ranged Weapons
 - Level 1.0 Armour
 - Level 1.5 Dodging
 - Level 1.1 Stealth


You had 3 spell levels left.
You didn't know any spells.
Your spell library was empty.

Inventory:

Hand Weapons
 Y - a +0 shortbow of freezing (weapon)
Armour
 f - a +0 ring mail (worn)
Jewellery
 d - an amulet of regeneration
Scrolls
 a - 6 scrolls of identify
 b - a scroll of fear {unknown}
 c - a scroll of enchant armour {unknown}
Potions
 e - a potion of mutation
 j - a potion of curing

Dungeon Overview and Level Annotations

Branches:
Dungeon (3/15)

Altars:

Annotations:
D:3 2 transporters, Ijyb; qw's ghost, weakling GrHs


Message History

An adder comes into view.
You shoot an arrow. The adder hisses angrily.
The arrow hits the adder!
The arrow freezes the adder.
The adder is almost dead.
You shoot an arrow. The arrow misses the adder.
You shoot an arrow. The arrow closely misses the adder.
You shoot an arrow. The arrow hits the adder.
The arrow freezes the adder.
You kill the adder!
d - an amulet of regeneration You now have 84 gold pieces (gained 11).
a - 6 scrolls of identify (gained 1) Ijyb the Twisted Goblin comes into view.
She is wielding a +0 dagger and carrying a wand of mindburst.
You shoot an arrow. The arrow hits Ijyb but does no damage.
You shoot an arrow. The arrow hits Ijyb.
The arrow freezes Ijyb.
Ijyb is moderately wounded.
Ijyb hits you but does no damage.
You shoot an arrow. The arrow hits Ijyb.
The arrow freezes Ijyb.
Ijyb is heavily wounded.
Ijyb barely misses you.
You shoot an arrow. The arrow hits Ijyb.
The arrow freezes Ijyb.
Ijyb is heavily wounded.
Ijyb hits you but does no damage.
You shoot an arrow. The arrow hits Ijyb.
The arrow freezes Ijyb.
Ijyb is severely wounded.
Ijyb hits you but does no damage.
Ijyb zaps a wand.
Your mind is blasted!
Ouch! That really hurt!
You shoot an arrow. The arrow misses Ijyb.
A giant cockroach comes into view.
Ijyb hits you with a +0 dagger.
The giant cockroach moves out of view.
You shoot an arrow. The arrow closely misses Ijyb.
Ijyb barely misses you.
You shoot an arrow. The arrow hits Ijyb but does no damage.
Ijyb is severely wounded.
Ijyb zaps a wand.
Your mind is blasted!
You shoot an arrow. The arrow hits Ijyb but does no damage.
Ijyb is severely wounded.
Ijyb hits you but does no damage.
Ijyb zaps a wand.
Your mind is blasted!
Ouch! That really hurt!
You die...

#..####.#..#<.....####..#.#.....
##...P...#.######....##..#B.#...#
.........#.#####...#.....#Wg.....
.........................##8.Wg..
#######......###.#.##.....#######
#............##.........^..
#####......###......##....%....
###..........# #.####..######..##
#...###.###### #@# ##....##>.##
..### #.# #.g.# ####.....###
#######.# #.#.# ###.#...#
.....##.##.....#.# #####......
####.......... ... ..##%....#####
## #<.....#### #.. ...%......# .#
#.....## ... .####.....# .#
#.....# ..## ####### ## #.....#


You could see Ijyb.

Vanquished Creatures
  4 adders
  2 worms (D:2)
  2 dart slugs
  3 ball pythons
  6 endoplasms
  5 giant cockroaches
  6 goblins
  5 hobgoblins
  4 kobolds
  2 quokkas
  4 bats
  A frilled lizard (D:3)
  4 rats
48 creatures vanquished.

Notes
Turn   | Place    | Note
-------+----------+-------------------------------------------
     0 | D:1      | qw the Gargoyle Hunter began the quest for the Orb.
     0 | D:1      | Reached XP level 1. HP: 12/12 MP: 1/1
     0 | D:1      | 0 ||| qw: Version: 0.3-a-74-g0d5e918
     0 | D:1      | 0 ||| qw: Game counter: 63
     0 | D:1      | 0 ||| qw: Melee chars always use a shield: true
     0 | D:1      | 0 ||| qw: God list: Okawaru
     0 | D:1      | 0 ||| qw: Allow faded altars: false
     0 | D:1      | 0 ||| qw: Do Orc after clearing Dungeon:15 true
     0 | D:1      | 0 ||| qw: Do second Lair branch before Depths: true
     0 | D:1      | 0 ||| qw: Lair rune preference: random
     0 | D:1      | 0 ||| qw: Goals: Normal
     0 | D:1      | 0 ||| PLANNING D:1-11
   128 | D:1      | Reached XP level 2. HP: 17/17 MP: 2/2
   319 | D:1      | Reached XP level 3. HP: 21/21 MP: 3/3
   405 | D:1      | Reached skill level 5 in Ranged Weapons
   703 | D:1      | You fall into a shaft and drop 1 floor!
   801 | D:2      | Reached skill level 3 in Fighting
   835 | D:2      | Reached XP level 4. HP: 28/28 MP: 4/4
   896 | D:2      | Found a faded altar of an unknown god.
   985 | D:2      | 985 ||| UPGRADING to +0 ring mail.
   995 | D:2      | 995 ||| DROPPING +0 leather armour.
   996 | D:2      | 996 ||| DROPPING +6 ring of intelligence.
   997 | D:2      | 997 ||| READING 4 scrolls labelled SUOCEX ARREEKE.
   998 | D:2      | 998 ||| READING 2 scrolls labelled COORPH KUVOESHRUA.
   999 | D:2      | 999 ||| READING scroll labelled BUNWAGG PEUPS.
  1000 | D:2      | 1000 ||| READING scroll labelled LAEQUGILAWN.
  1001 | D:2      | 1001 ||| READING scroll labelled MAROTHR FEFU.
  1002 | D:2      | 1002 ||| READING scroll labelled RUOT ZUOBEONA.
  1006 | D:2      | 1006 ||| DRINKING 2 yellow potions.
  1007 | D:2      | 1007 ||| READING 3 scrolls of identify.
  1007 | D:2      | 1007 ||| IDENTIFYING puce potion
  1008 | D:2      | 1008 ||| DROPPING scroll of butterflies.
  1009 | D:2      | 1009 ||| DROPPING scroll of amnesia.
  1442 | D:3      | 1442 ||| READING scroll of brand weapon.
  1442 | D:3      | 1442 ||| BRANDING +0 shortbow of draining.
  1485 | D:3      | Reached skill level 1 in Armour
  1523 | D:3      | Found a transporter.
  1528 | D:3      | Noticed qw's ghost (weakling GrHs)
  1533 | D:3      | Found a transporter.
  1539 | D:3      | 1539 ||| READING scroll of brand weapon.
  1539 | D:3      | 1539 ||| BRANDING +0 shortbow of flaming.
  1592 | D:3      | Noticed Ijyb
  1601 | D:3      | Blown up by Ijyb

Levels and vault maps discovered:
D:1:      roderic_octagonal_star, layout_basic, chequers_serial_rivers_micro_d
D:2:      layout_rooms, chequers_ecumenical_altar_island
D:3:      corexii_shack_village, layout_rooms, gammafunk_ghost_arena,
          serial_curves, eino_curves_01, eino_curves_01,
          roderic_serpentine_path, uniq_ijyb

Skill      XL: |  1  2  3  4 |
---------------+-------------+-----
Ranged Weapons | 5 |  5.5
Fighting       | 3 |  3.0
Armour         | 1 |  1.0
Dodging        | |  1.5
Stealth        | |  1.1

Action                     |  1- 3 |  4- 6 || total
---------------------------+-------+-------++-------
   Fire: Shortbow          |    95 |    51 ||   146
    Use: Scroll            |       |     9 ||     9
         Potion            |       |     1 ||     1
 Armour: Leather armour    |    15 |       ||    15
         Ring mail         |       |     8 ||     8
  Dodge: Dodged            |    17 |     8 ||    25

Table legend:
 A = Non-vault XP
 B = Vault XP
 C = Vault XP percentage of total XP
 D = Non-vault monster count
 E = Vault monster count
 F = Vault count percentage of total count
                 A         B        C        D         E       F
            +---------+---------+-------+---------+---------+-------
      Total |     139 |       2 |   1.4 |      47 |       1 |   2.1
            +---------+---------+-------+---------+---------+-------
        D:1 |      49 |       0 |   0.0 |      27 |       0 |   0.0
        D:2 |      66 |       0 |   0.0 |      12 |       0 |   0.0
        D:3 |      24 |       2 |   7.7 |       8 |       1 |  11.1
            +---------+---------+-------+---------+---------+-------
